 Dungeon Crawl Stone Soup version 0.30-a0-6-g7c9e10e132 (webtiles) character file.

Game seed: 7560674135699611904

109616 spaghetti the Brawler (level 16, 11/139 HPs)
             Began as a Demonspawn Berserker on Aug 23, 2022.
             Was a High Priest of Trog.
             Quit the game on level 2 of the Shoals.
             The game lasted 00:47:32 (30850 turns).

spaghetti the Brawler (Demonspawn Berserker)       Turns: 30850, Time: 00:47:33

Health: 11/139     AC: 35    Str: 26    XL:     16   Next: 5%
Magic:  7/7        EV: 12    Int:  9    God:    Trog [*****.]
Gold:   1339       SH:  4    Dex: 18    Spells: 15/15 levels left

rFire   . . .      SeeInvis +      - Unarmed
rCold   . . .      Faith    +    m - +0 buckler
rNeg    . . .      Spirit   .    j - +0 plate armour
rPois   +          Reflect  .    s - +0 mask of the Dragon {Will+ Slay+3 SInv}
rElec   .          Harm     .    v - +2 cloak {Will+}
rCorr   +          Rampage  .    r - +2 pair of gloves
Will    +++++                    T - +2 pair of boots
Stlth   ..........               u - amulet of faith {!P}
HPRegen 1.33/turn                y - ring "Rauwkips" {Fly rPois MP-9 Dex+6 Slay+4}
MPRegen 0.10/turn                V - +4 ring of protection

@: strong-willed, spiked, on berserk cooldown, flying, regenerating, slowed,
very slow
A: antennae 2, yellow scales 3, foul stench 1, spiny 3, hooves 1, inability to
read after injury 1
a: Renounce Religion, Berserk, Trog's Hand, Brothers in Arms


You were on level 2 of the Shoals.
You worshipped Trog.
Trog was extremely pleased with you.
You visited 4 branches of the dungeon, and saw 24 of its levels.
You also visited: Bailey.

You collected 3091 gold pieces.
You spent 1752 gold pieces at shops.


Innate Abilities, Weirdness & Mutations

You have a pair of antennae on your head.
You are completely covered in yellow scales. (AC +4, rCorr)
You may rarely emit foul miasma when damaged in melee.
You are completely covered in sharp spines.
You have large cloven feet.
You occasionally lose the ability to read scrolls when taking damage.


   Skills:
 + Level 16.4 Fighting
 + Level 14.8 Armour
 + Level 9.3 Dodging
 + Level 17.2 Unarmed Combat


You had 15 spell levels left.
You didn't know any spells.
Your spell library contained the following spells:

 Spells                   Type           Power      Damage    Failure   Level
 Magic Dart               Conj           0%         1d3       98%         1
 Searing Ray              Conj           0%         2d4       99%         2
 Static Discharge         Conj/Air       0%         3-3/arc   99%         2
 Sublimation of Blood     Necr           0%         N/A       99%         2
 Wereblood                Tmut           0%         N/A       99%         2
 Airstrike                Air            0%         2d(0-16)  100%        4
 Dispel Undead            Necr           0%         3d6       100%        4
 Fulminant Prism          Conj/Hex       0%         3d6       100%        4
 Petrify                  Tmut/Erth      0%         N/A       100%        4
 Sticky Flame             Conj/Fire      0%         2d3       100%        4
 Summon Lightning Spire   Summ/Air       0%         N/A       100%        4
 Irradiate                Conj/Tmut      0%         3d11      100%        5
 Iskenderun's Battlesphe  Conj           0%         2d6       100%        5
 Lightning Bolt           Conj/Air       0%         1d11      100%        5
 Iron Shot                Conj/Erth      0%         9d1       100%        6
 Spellforged Servitor     Conj/Summ      0%         N/A       100%        7
 Summon Hydra             Summ           0%         N/A       100%        7

Inventory:

Missiles
 h - 188 stones (quivered) {throwing}
 p - 6 silver javelins {throwing}
 t - 82 poisoned darts {throwing}
 B - 10 curare-tipped darts {=fthrowing}
 F - 15 atropa-tipped darts {throwing}
 G - 24 boomerangs {throwing}
 O - 3 throwing nets {=f!fthrowing}
 Y - 10 javelins {throwing}
Armour
 j - a +0 plate armour (worn)
   (You found it on level 1 of the Dungeon)
 m - a +0 buckler (worn)
   (You took it off a tengu conjurer on level 14 of the Dungeon)
 r - a +2 pair of gloves (worn)
   (You found it on level 7 of the Dungeon)
 s - the +0 mask of the Dragon (worn) {Will+ Slay+3 SInv}
   (You acquired it on level 3 of the Dungeon)

   Slay:      It affects your accuracy & damage with ranged weapons and melee
   (+3).
   SInv:      It lets you see invisible.
   Will:      It increases your willpower.
 v - a +2 cloak of willpower (worn)
   (You took it off Maurice on level 1 of the Orcish Mines)
 T - a +2 pair of boots (worn)
   (You found it on level 9 of the Dungeon)
Jewellery
 n - a ring of protection from fire
   (You found it on level 1 of the Lair of Beasts)
 u - an amulet of faith (around neck) {!P}
   (You took it off an orc on level 3 of the Dungeon)
 y - the ring "Rauwkips" (left hand) {Fly rPois MP-9 Dex+6 Slay+4}
   (You bought it in a shop on level 2 of the Orcish Mines)

   [ring of slaying]

   Dex:       It affects your dexterity (+6).
   Slay:      It affects your accuracy & damage with ranged weapons and melee
   (+4).
   rPois:     It protects you from poison.
   MP:        It affects your magic capacity (-9).
   Fly:       It grants you flight.
 K - a ring of protection from cold
   (You found it on level 8 of the Dungeon)
 V - a +4 ring of protection (right hand)
   (You took it off an orc priest on level 9 of the Dungeon)
 X - a ring of see invisible
   (You found it on level 12 of the Dungeon)
Wands
 C - a wand of mindburst (4)
   (You found it on level 11 of the Dungeon)
 E - a wand of light (5)
   (You found it on level 1 of the Shoals)
 L - a wand of paralysis (8)
   (You took it off an orc priest on level 8 of the Dungeon)
 P - a wand of polymorph (22)
   (You found it on level 8 of the Dungeon)
 S - a wand of flame (27)
   (You took it off a goblin on level 9 of the Dungeon)
 Z - a wand of roots (29)
   (You found it on level 10 of the Dungeon)
Scrolls
 a - 3 scrolls of magic mapping {!r}
 b - 5 scrolls of enchant armour
 d - 15 scrolls of teleportation {@r4}
 f - 3 scrolls of fear
 k - 5 scrolls of vulnerability {!r!r}
 o - 4 scrolls of poison {!r}
 x - 4 scrolls of immolation {!r!r}
 D - 5 scrolls of fog
 J - 4 scrolls of enchant weapon
 M - 2 scrolls of summoning
 U - 3 scrolls of identify {@r1}
Potions
 c - 8 potions of flight
 e - 3 potions of magic
 g - 12 potions of curing {@q1}
 i - 7 potions of heal wounds {@q2}
 l - 5 potions of haste {@q3}
 q - 5 potions of might
 w - 4 potions of ambrosia
 z - 3 potions of cancellation
 A - 2 potions of attraction {!q}
 I - 3 potions of invisibility {unknown}
 N - 5 potions of lignification {unknown}
 Q - 2 potions of resistance
 R - a potion of experience {unknown}

Dungeon Overview and Level Annotations

Branches:
Dungeon (15/15) Zot: 24910  Temple (0/1) D:7            Lair (5/5) D:11 Zot: 23135
 Shoals (2/4) Lair:2 Zot: 10952   Snake (0/4) Lair:2        Slime (0/5) Lair:5
    Orc (2/2) D:11 Zot: 10000     Elf (0/3) Orc:2        Vaults (0/5) D:14
 Depths (0/4) D:15         Bailey (visited)

Altars:
Ashenzari
Dithmenos
Hepliaklqana
Kikubaaqudgha
Okawaru
Sif Muna
Uskayaw
Vehumet
Xom
Jiyva

Shops:
D:15 *   Orc:2 [*([=

Annotations:
D:4 3 runed translucent doors, qwertyui's ghost, amateur TrFi
D:15 1 exclusion
Lair:5 2 exclusions

~.###.>##.)..)~~~~~.~~
~~...m~.......~~~~~.~~
~.....~~~m~~.....~~~~~
~~t..!..~~~.......~.~~
≈~~~~~~~~~~.~..#.....~
≈....≈≈≈~~~~~..###...~
≈ ≈~###t≈≈≈≈~~~...#
#.$~
~.~.###.≈§§~§.....# ..
~...~~†@§m~.....?...
~....§§§§~..........
~..##:~~~~...##. ~
#.~~...### #.~~~..#
.~~..~~. ~~≈≈~.~~..
~~~~≈~~~~~~~


You could see a merfolk aquamancer, a snapping turtle and 2 merfolk.


Message History

The volley of spikes hits you!
The barbed spikes become lodged in your body.
* * * LOW HITPOINT WARNING * * *
😱 HP[-10]
You take 10 damage, and now have 31/139 hp.
You struggle against the net.
The manticore flicks its tail.
The volley of spikes hits you but does no damage. 😱 HP[+1] Unknown command.
Unknown command.
A red film seems to cover your vision as you go berserk!
You feel yourself moving faster!
You feel mighty!
The manticore flicks its tail.
The volley of spikes hits you!
The barbed spikes become lodged in your body.
* * * LOW HITPOINT WARNING * * *
The merfolk closely misses you. 😱 HP[+9]
You now have 208 max hp (+69).
You regained 9 hp, and now have 41/208 hp.
Unknown command.
Unknown command.
You struggle against the net.
You feel a strong urge to attack something.
The water elemental is struck by your spines.
The water elemental hits you. x2
* * * LOW HITPOINT WARNING * * *
😱 HP[-4]
You take 4 damage, and now have 37/208 hp.
You rip the net and break free!
The merfolk closely misses you.
The water elemental hits you. 😱 HP[+1] Unknown command.
Unknown command.
You punch the manticore! The water elemental hits you.
The snapping turtle bites you from afar.
* * * LOW HITPOINT WARNING * * *
The manticore is struck by your spines. The manticore closely misses you.
The manticore claws you but does no damage. x2 😱 HP[-1]
You take 1 damage, and now have 37/208 hp.
You beat the manticore into a bloody pulp!!!
You kill the manticore!
Trog accepts your kill. The merfolk barely misses you.
The water elemental misses you.
You pummel the water elemental!! You block the water elemental's attack.
The merfolk aquamancer mumbles some strange words.
The merfolk aquamancer blinks!
You block the snapping turtle's attack. 😱 HP[+1]
You pummel the water elemental!!
You destroy the water elemental!
Trog accepts your kill.
You are no longer berserk.
You are exhausted.
You feel yourself slow down.
The merfolk hits you from afar with a +0 trident!
* * * LOW HITPOINT WARNING * * *
😱 HP[-27]
You now have 139 max hp (-69).
Unknown command.
You pummel the water elemental!!
The merfolk aquamancer points at you and mumbles some strange words.
The ball of steam hits you but does no damage.
The water elemental barely misses you.
The snapping turtle bites you but does no damage.
The merfolk barely misses you. 😱 HP[+1] Unknown command.
As you read the scroll of fear, it crumbles to dust.
You assume a fearsome visage.
The water elemental is unaffected.
The merfolk looks frightened! x2; The snapping turtle easily resists.
You are engulfed in a cloud of scalding steam.
The water elemental is struck by your spines.
You destroy the water elemental!
Trog accepts your kill.
The snapping turtle bites you from afar!
* * * LOW HITPOINT WARNING * * *
The merfolk aquamancer is engulfed in a cloud of scalding steam.
The snapping turtle bites you but does no damage. 😱 HP[-11]
You take 11 damage, and now have 1/139 hp.
Unknown command.
Unknown command.
Okay, then.
Okay, then.
Okay, then.
You feel much better.
You are engulfed in a cloud of scalding steam.
* * * LOW HITPOINT WARNING * * *
The merfolk aquamancer is engulfed in a cloud of scalding steam.
The merfolk aquamancer points at you and mumbles some strange words.
The ball of steam misses you.
The snapping turtle bites you from afar!
* * * LOW HITPOINT WARNING * * *
The merfolk aquamancer is engulfed in a cloud of scalding steam. 😱 HP[+10]
You regained 10 hp, and now have 11/139 hp.
Are you sure you want to abandon this character and quit the game? (Confirm with "yes".)

Skill      XL: |  1  2  3  4  5  6  7  8  9 10 11 12 13 14 15 |
---------------+----------------------------------------------+-----
Unarmed Combat | 3 4 5 6 7 9 11 12 13 14 15 16 17 | 17.2
Fighting       | 4 5 6 7 9 10 11 13 14 15 16 | 16.4
Armour         | 2 3 4 6 7 9 10 11 12 13 14 | 14.8
Dodging        | 5 7 9 |  9.3

Action                   |  1- 3 |  4- 6 |  7- 9 | 10-12 | 13-15 | 16-18 || total
-------------------------+-------+-------+-------+-------+-------+-------++-------
Melee: Unarmed           |   155 |   120 |   293 |   456 |  1035 |    18 ||  2077
       Punch             |     3 |     5 |     8 |    47 |    10 |       ||    73
Throw: Dart              |       |       |     1 |       |       |       ||     1
Invok: Berserk           |     2 |     2 |     9 |    17 |    15 |     1 ||    46
       Trog's Hand       |       |       |     3 |     6 |     7 |     1 ||    17
       Brothers in Arms  |       |       |     1 |     8 |     6 |       ||    15
Evoke: Wand              |       |       |       |       |     5 |       ||     5
  Use: Scroll            |       |     7 |     6 |     9 |    17 |     1 ||    40
       Potion            |       |       |       |     6 |     4 |     1 ||    11
 Stab: Invisible         |       |       |       |       |     1 |       ||     1
Armor: Animal skin       |    18 |       |       |       |       |       ||    18
       Plate armour      |    69 |   106 |   202 |   344 |   855 |    17 ||  1593
Dodge: Dodged            |    75 |    39 |   106 |   169 |   505 |    17 ||   911
Block: Buckler           |       |       |       |       |   126 |     3 ||   129

Levels and vault maps discovered:
D:1:      dpeg_arrival_tiny_g, layout_basic
D:2:      layout_basic, nicolae_ecumenical_pavilion
D:3:      layout_rooms, serial_curves, eino_curves_02, eino_curves_01,
          minmay_misc_feat_chi
D:4:      layout_basic, gammafunk_ghost_necromancy, minmay_misc_feat_square,
          uniq_grinder
D:5:      layout_basic, grunt_dithmenos_shadows, minmay_misc_feat_diagonals,
          uniq_menkaure
D:6:      layout_basic, okawaru_trees_2, mainiacjoe_overflow_alcove_4,
          chequers_temple_overflow_statue_of_worship, nicolae_uskayaw_en_pointe,
          corexii_checkpoint_a, grunt_decor_junction
D:7:      layout_basic, old_standard_altar, general_overflow_altar,
          minmay_temple_entry_gardened_gates
D:8:      layout_rooms
D:9:      layout_basic, enter_bailey_3, minmay_shattered_shrine
D:10:     layout_rooms, hangedman_decor_peaks_small
D:11:     layout_cave_pools, erik_lair_dragon, erik_orc_4,
          ebering_ghost_disaster_area, uniq_harold, uniq_gastronok
D:12:     layout_basic, gauntlet_entry_generic
D:13:     layout_rooms, uniq_urug
D:14:     nicolae_whirlpool, layout_grid_maze, david_vaults_5,
          ashenzari_conservatory_becter
D:15:     grunt_enter_depths_giant_problem, layout_basic, minivault_4,
          serial_shops, nicolae_shop_trees, tgw_sif
Lair:1:   layout_chaotic_city, kennysheep_rathole
Lair:2:   layout_big_grid, shoals_dummy_entry, minmay_snake_entry_spellcaster,
          dreamdust_gnoll_shepherd
Lair:3:   layout_misc_corridors, nicolae_lair_grazing_beasts
          [nicolae_sub_lair_graze_edge, nicolae_sub_lair_graze_edge,
          nicolae_sub_lair_graze_edge, nicolae_sub_lair_graze_edge],
          uniq_josephine
Lair:4:   layout_long_grid, grunt_megastairs_1, serial_bayou_shore_b
Lair:5:   evilmike_catoblepas_cave, layout_hall_layers, slime_entry_1,
          portal_ice_cave_rime, grunt_forest_large_clearings,
          infiniplex_staircase_pool
Shoals:1: layout_shoals
Shoals:2: layout_shoals, nzn_prometheus_bound
Orc:1:    layout_caves, uniq_maurice, uniq_fannar
Orc:2:    grunt_orc_gardens, layout_caves, grunt_orc_garden, grunt_orc_garden,
          grunt_orc_garden, grunt_orc_garden, serial_shops, shop

Notes
Turn   | Place    | Note
-------+----------+-------------------------------------------
     0 | D:1      | spaghetti the Demonspawn Berserker began the quest for the
                  | Orb.
     0 | D:1      | Reached XP level 1. HP: 18/18 MP: 1/1
     0 | D:1      | magus.rc [v1.9.6]
     9 | D:1      | HP: 6/27 [rat (1)]
   275 | D:1      | HP: 6/27 [quokka (4)]
   618 | D:1      | Reached skill level 3 in Unarmed Combat
   618 | D:1      | Gained mutation: You may rarely emit foul miasma when
                  | damaged in melee. [demonic ancestry]
   618 | D:1      | Reached XP level 2. HP: 18/24 MP: 2/2
  1198 | D:1      | Gained mutation: You are partially covered in yellow
                  | scales. (AC +2) [demonic ancestry]
  1198 | D:1      | Reached XP level 3. HP: 29/29 MP: 3/3
  1300 | D:2      | Found a faded altar of an unknown god.
  1632 | D:2      | You fall into a shaft and drop 1 floor!
  1729 | D:3      | Reached ** piety under Trog
  1920 | D:3      | Reached skill level 4 in Fighting
  1977 | D:2      | Gained mutation: You have a pair of small antennae on your
                  | head. [demonic ancestry]
  1977 | D:2      | Reached XP level 4. HP: 36/37 MP: 4/4
  2089 | D:2      | Reached skill level 2 in Armour
  2150 | D:2      | Reached skill level 4 in Unarmed Combat
  3090 | D:3      | Identified a scroll of acquirement
  3091 | D:3      | Acquired the +0 mask of the Dragon {Will+ Slay+3 SInv}
  3091 | D:3      | Found the +0 mask of the Dragon {Will+ Slay+3 SInv}
  3117 | D:4      | Reached XP level 5. HP: 43/43 MP: 5/5
  3247 | D:4      | Reached skill level 5 in Unarmed Combat
  3250 | D:4      | Reached skill level 5 in Fighting
  3250 | D:4      | Reached skill level 3 in Armour
  3250 | D:4      | Reached XP level 6. HP: 51/51 MP: 6/6
  3479 | D:4      | Noticed Grinder
  3488 | D:4      | Killed Grinder
  3489 | D:4      | Reached skill level 6 in Unarmed Combat
  3489 | D:4      | Gained mutation: You are mostly covered in yellow scales.
                  | (AC +3) [demonic ancestry]
  3489 | D:4      | Reached XP level 7. HP: 49/56 MP: 7/7
  3562 | D:4      | You pick up a book of Storms {forbidden} and begin
                  | reading...
  3562 | D:4      | You add the spells Airstrike, Summon Lightning Spire and
                  | Lightning Bolt to your library.
  3692 | D:4      | Found a runed translucent gate.
  3693 | D:4      | Found a runed translucent gate.
  3693 | D:4      | Found a runed translucent gate.
  3771 | D:4      | You pick up a book of Power {forbidden} and begin
                  | reading...
  3771 | D:4      | You add the spells Iskenderun's Battlesphere, Iron Shot and
                  | Spellforged Servitor to your library.
  4053 | D:4      | Reached *** piety under Trog
  4294 | D:4      | Noticed qwertyui's ghost (amateur TrFi)
  4414 | D:5      | Entered Level 5 of the Dungeon
  4425 | D:5      | Noticed Menkaure
  4435 | D:5      | Killed Menkaure
  4436 | D:5      | Reached skill level 4 in Armour
  4444 | D:5      | Identified the +1 leather armour of Vyej Ysy {+Blink rPois}
  4454 | D:5      | Reached skill level 6 in Fighting
  4527 | D:5      | Reached skill level 7 in Unarmed Combat
  4766 | D:5      | Gained mutation: You are partially covered in sharp spines.
                  | [demonic ancestry]
  4766 | D:5      | Reached XP level 8. HP: 61/65 MP: 8/8
  4879 | D:5      | You pick up a book of Conjurations {forbidden@e2} and begin
                  | reading...
  4879 | D:5      | You add the spells Magic Dart, Searing Ray and Fulminant
                  | Prism to your library.
  5108 | D:5      | Found a shadowy altar of Dithmenos.
  5117 | D:5      | Reached skill level 5 in Armour
  5664 | D:6      | Found an iron altar of Okawaru.
  5682 | D:6      | Reached skill level 8 in Unarmed Combat
  5748 | D:6      | Found a shimmering blue altar of Sif Muna.
  5783 | D:6      | You pick up a book of Blood {forbidden} and begin
                  | reading...
  5783 | D:6      | You add the spells Sublimation of Blood, Wereblood and
                  | Summon Hydra to your library.
  5833 | D:6      | Reached skill level 7 in Fighting
  5847 | D:6      | Reached **** piety under Trog
  6202 | D:6      | Found a shimmering altar of Xom.
  6202 | D:6      | Found a hazy altar of Hepliaklqana.
  6209 | D:6      | Noticed a +0 spear
  6219 | D:6      | Found a hide-covered altar of Uskayaw.
  6219 | D:6      | Noticed a +0 falchion
  6220 | D:6      | Noticed a +0 dagger
  6223 | D:6      | Noticed a +0 spear
  6223 | D:6      | Noticed a +0 short sword
  6226 | D:6      | Noticed a +0 short sword
  6229 | D:6      | Noticed a +0 falchion
  6315 | D:6      | Noticed a +0 dagger
  6595 | D:7      | Reached skill level 6 in Armour
  6595 | D:7      | Reached skill level 9 in Unarmed Combat
  6611 | D:7      | Gained mutation: You have a pair of antennae on your head.
                  | [demonic ancestry]
  6611 | D:7      | Reached XP level 9. HP: 73/73 MP: 9/9
  6633 | D:7      | Reached skill level 8 in Fighting
  6642 | D:7      | HP: 18/74 [orc/+0 trident (6)]
  6650 | D:7      | HP: 15/74 [sky beast (6)]
  6886 | D:7      | Found an ancient bone altar of Kikubaaqudgha.
  7035 | D:7      | Found a staircase to the Ecumenical Temple.
  7327 | D:7      | Found a radiant altar of Vehumet.
  7373 | D:7      | Reached skill level 10 in Unarmed Combat
  7732 | D:8      | Reached skill level 7 in Armour
  8399 | D:8      | Reached skill level 9 in Fighting
  8504 | D:9      | HP: 26/114 [wyvern (10)]
  8509 | D:9      | HP: 9/76 [wyvern (6)]
  8520 | D:9      | HP: 10/76 [centaur/arrow (2)]
  8812 | D:9      | Found a flagged portal.
  8815 | D:9      | Reached skill level 11 in Unarmed Combat
  8825 | Bailey   | Entered a bailey
  8884 | Bailey   | Reached ***** piety under Trog
  8896 | Bailey   | Gained mutation: You are completely covered in yellow
                  | scales. (AC +4, rCorr) [demonic ancestry]
  8896 | Bailey   | Reached XP level 10. HP: 54/83 MP: 10/10
  9630 | D:9      | Reached skill level 8 in Armour
  9766 | D:9      | Reached skill level 12 in Unarmed Combat
  9871 | D:9      | Noticed a gargoyle
  9881 | D:9      | Killed a gargoyle
  9997 | D:9      | Noticed a centaur warrior
 10000 | D:9      | Noticed a cyclops
 10000 | D:9      | Noticed a centaur warrior
 10009 | D:9      | Killed a centaur warrior
 10010 | D:9      | Reached skill level 10 in Fighting
 10011 | D:9      | HP: 26/127 [centaur warrior/arrow (15)]
 10014 | D:9      | Killed a cyclops
 10017 | D:9      | HP: 16/86 [centaur warrior (1)]
 10378 | D:9      | Noticed a centaur warrior
 10379 | D:9      | Noticed a cyclops
 10385 | D:9      | Killed a cyclops
 10394 | D:9      | Killed a centaur warrior
 10395 | D:9      | Reached skill level 9 in Armour
 10395 | D:9      | Reached XP level 11. HP: 85/92 MP: 11/11
 10467 | D:9      | Reached skill level 13 in Unarmed Combat
 10609 | D:9      | Killed a centaur warrior
 10864 | D:9      | Noticed a two-headed ogre
 10868 | D:9      | Killed a two-headed ogre
 11342 | D:9      | Identified the +0 robe of Heetust {rElec SInv}
 11496 | D:10     | Entered Level 10 of the Dungeon
 11509 | D:10     | Noticed a soul eater
 11511 | D:9      | HP: 15/92 [poisoned by a kobold brigand (curare-tipped
                  | dart)]
 11699 | D:9      | Reached skill level 11 in Fighting
 12173 | D:10     | Identified the +1 mace of Mandamus {vorpal, Int+5 Stlth-}
 12460 | D:10     | Reached skill level 10 in Armour
 12883 | D:11     | Noticed SirDiesAlot's ghost (journeyman DEEE)
 12883 | D:11     | Found a large runed translucent door.
 12883 | D:11     | Found a large runed translucent door.
 13065 | D:11     | HP: 23/95 [orc/+0 hand axe of venom (2)]
 13069 | D:11     | Noticed Harold
 13081 | D:11     | Killed Harold
 13291 | D:11     | Found a staircase to the Orcish Mines.
 13502 | D:11     | Reached XP level 12. HP: 54/102 MP: 12/12
 13689 | D:11     | Noticed Gastronok
 13703 | D:11     | Killed Gastronok
 13704 | D:11     | Reached skill level 12 in Fighting
 13704 | D:11     | Reached skill level 14 in Unarmed Combat
 14031 | D:11     | Found a staircase to the Lair.
 14223 | D:11     | Killed SirDiesAlot's ghost
 14224 | D:11     | Reached skill level 11 in Armour
 14234 | D:11     | Identified the +6 halberd of the Enemy {drain, rElec rPois
                  | rC+++ Str-3}
 14501 | D:12     | Found a gate leading to a gauntlet.
 14902 | D:12     | You pick up a book of Touch {forbidden} and begin
                  | reading...
 14902 | D:12     | You add the spells Static Discharge, Sticky Flame and
                  | Dispel Undead to your library.
 15305 | D:13     | Gained mutation: You have hidden genetic defects. [potion
                  | of mutation]
 15305 | D:13     | Gained mutation: Your body sometimes deteriorates upon
                  | taking damage. [potion of mutation]
 15306 | D:13     | Lost mutation: Your body sometimes deteriorates upon taking
                  | damage. [potion of mutation]
 15306 | D:13     | Lost mutation: You have hidden genetic defects. [potion of
                  | mutation]
 15306 | D:13     | Gained mutation: Armour fits poorly on your strangely
                  | shaped body. [potion of mutation]
 15306 | D:13     | Gained mutation: You occasionally lose the ability to read
                  | scrolls when taking damage. [potion of mutation]
 15307 | D:13     | Lost mutation: Armour fits poorly on your strangely shaped
                  | body. [potion of mutation]
 15307 | D:13     | Lost mutation: You occasionally lose the ability to read
                  | scrolls when taking damage. [potion of mutation]
 15307 | D:13     | Gained mutation: You have a pair of large antennae on your
                  | head. (SInv) [potion of mutation]
 15308 | D:13     | Lost mutation: You have a pair of large antennae on your
                  | head. (SInv) [potion of mutation]
 15308 | D:13     | Gained mutation: You have large cloven feet. [potion of
                  | mutation]
 15308 | D:13     | Gained mutation: You occasionally lose the ability to read
                  | scrolls when taking damage. [potion of mutation]
 15330 | D:13     | Noticed a centaur warrior
 15331 | D:13     | Noticed Urug
 15342 | D:13     | Killed a centaur warrior
 15349 | D:13     | Killed Urug
 15350 | D:13     | Reached skill level 13 in Fighting
 15428 | D:13     | Noticed a centaur warrior
 15430 | D:13     | Noticed a boulder beetle
 15437 | D:13     | Killed a centaur warrior
 15447 | D:13     | Killed a boulder beetle
 15625 | D:13     | Noticed a centaur warrior
 15639 | D:13     | HP: 38/157 [skeletal warrior/+0 scimitar (8)]
 15641 | D:13     | HP: 5/105 [centaur warrior/arrow (20)]
 16230 | D:13     | Killed a centaur warrior
 16231 | D:13     | Gained mutation: You are mostly covered in sharp spines.
                  | [demonic ancestry]
 16231 | D:13     | Reached XP level 13. HP: 95/111 MP: 13/13
 16953 | D:14     | Reached skill level 12 in Armour
 16953 | D:14     | Reached skill level 2 in Dodging
 16954 | D:14     | Reached skill level 15 in Unarmed Combat
 17336 | D:14     | Reached skill level 3 in Dodging
 17855 | D:14     | Found a gate to the Vaults.
 18408 | D:14     | Found a broken altar of Ashenzari.
 18696 | D:15     | Entered Level 15 of the Dungeon
 18908 | D:15     | Reached skill level 4 in Dodging
 18922 | D:15     | Reached skill level 14 in Fighting
 19181 | D:15     | Found Hysuy's General Store.
 19189 | D:15     | Bought 3 scrolls of teleportation for 171 gold pieces
 19799 | D:15     | Found a staircase to the Depths.
 19813 | D:15     | Noticed a fire giant
 19826 | D:15     | HP: 13/113 [manticore/volley of spikes (23)]
 19849 | D:15     | Killed a fire giant
 19850 | D:15     | Reached skill level 5 in Dodging
 19851 | D:15     | HP: 28/113 [skeletal warrior/+0 hand axe (3)]
 19869 | D:15     | HP: 24/114 [cyan ugly thing (8)]
 19897 | D:15     | Gained mutation: You are completely covered in sharp
                  | spines. [demonic ancestry]
 19897 | D:15     | Reached XP level 14. HP: 25/121 MP: 14/14
 20647 | Lair:1   | Entered Level 1 of the Lair of Beasts
 21777 | Lair:2   | Reached skill level 13 in Armour
 22304 | Lair:2   | Found a staircase to the Snake Pit.
 22379 | Lair:2   | Reached skill level 6 in Dodging
 22416 | Lair:2   | Found a staircase to the Shoals.
 22721 | Lair:3   | Noticed Josephine
 22728 | Lair:3   | Killed Josephine
 22750 | Lair:3   | Reached skill level 16 in Unarmed Combat
 22986 | Lair:3   | You pick up a book of Alchemy {forbidden} and begin
                  | reading...
 22986 | Lair:3   | You add the spells Petrify and Irradiate to your library.
 23776 | Lair:4   | Reached skill level 15 in Fighting
 24119 | Lair:4   | Identified the +0 robe of Uzxiu {rC+ Int-4 Dex+3}
 24212 | Lair:4   | Reached skill level 7 in Dodging
 25119 | Lair:5   | Entered Level 5 of the Lair of Beasts
 25402 | Lair:5   | Reached XP level 15. HP: 86/129 MP: 15/15
 25570 | Lair:5   | Received a gift from Trog
 25822 | Lair:5   | Reached skill level 14 in Armour
 25943 | Lair:5   | Reached skill level 8 in Dodging
 26327 | Lair:5   | Received a gift from Trog
 27078 | Lair:5   | Found a viscous altar of Jiyva.
 27078 | Lair:5   | Found a staircase to the Slime Pits.
 27612 | Orc:1    | Entered Level 1 of the Orcish Mines
 27613 | Orc:1    | Noticed Maurice
 27630 | Orc:1    | Killed Maurice
 27939 | Orc:1    | Noticed Fannar
 27955 | Orc:1    | Killed Fannar
 28203 | Orc:2    | Entered Level 2 of the Orcish Mines
 28203 | Orc:2    | Found Leezai's Jewellery Shop.
 28441 | Orc:2    | Noticed an orc warlord
 28452 | Orc:2    | Killed an orc warlord
 28458 | Orc:2    | Reached skill level 16 in Fighting
 28461 | Orc:2    | Received a gift from Trog
 28472 | Orc:2    | Noticed an orc warlord
 28486 | Orc:2    | Killed an orc warlord
 28658 | Orc:2    | a +3 vorpal executioner's axe {axerare=g}; a +0 war axe
                  | {axe}; an orc skeleton
 28658 | Orc:2    | a +3 vorpal executioner's axe {axerare=g}; a +0 war axe
                  | {axe}; an orc skeleton
 28658 | Orc:2    | Could not pick up a +3 vorpal executioner's axe {axerare=g}
                  | here; ([A]lways) ignore it?
 28661 | Orc:2    | a +3 vorpal executioner's axe {axerare}; a +0 war axe
                  | {axe}; an orc skeleton
 28676 | Orc:2    | Bought the ring "Rauwkips" {Fly rPois MP-9 Dex+6 Slay+4}
                  | for 1530 gold pieces
 28707 | Orc:2    | Found Ogefiruh's Antique Armour Shop.
 28714 | Orc:2    | Reached skill level 17 in Unarmed Combat
 28925 | Orc:2    | Found Usuineun's Antique Weapon Emporium.
 29363 | Orc:2    | Found Haggaqae's General Store.
 29391 | Orc:2    | Bought a scroll of teleportation for 51 gold pieces
 29402 | Orc:2    | Found Pahaciff's Antique Armour Shoppe.
 29531 | Orc:2    | Found a staircase to the Elven Halls.
 29784 | Shoals:1 | Entered Level 1 of the Shoals
 29794 | Shoals:1 | Reached skill level 9 in Dodging
 30770 | Shoals:2 | Reached XP level 16. HP: 96/139 MP: 7/16
 30779 | Shoals:2 | HP: 42/208 [faun/sling bullet (17)]
 30838 | Shoals:2 | HP: 31/139 [manticore/volley of spikes (11)]
 30843 | Shoals:2 | HP: 37/208 [snapping turtle (2)]
 30846 | Shoals:2 | HP: 11/139 [merfolk/+0 trident[a merfolk aquamancer] (15)]
 30848 | Shoals:2 | HP: 1/139 [snapping turtle (13)]
 30850 | Shoals:2 | Quit the game

Vanquished Creatures
  Gastronok (D:11)
  A fire giant (D:15)
  2 orc warlords (Orc:2)
  A merfolk javelineer (Shoals:1)
  2 merfolk impalers (Shoals:2)
  Fannar (Orc:1)
  A vault guard (D:14)
  3 boulder beetles
  10 hydras
  4 catoblepae
  10 centaur warriors
  The ghost of SirDiesAlot the Geomancer, a journeyman DEEE of Vehumet (D:11)
  A merfolk aquamancer (Shoals:1)
  9 death yaks
  A two-headed ogre (D:9)
  4 orc high priests
  Urug (D:13)
  5 skeletal warriors
  A sea snake (Shoals:2)
  A wizard (D:15)
  5 orc knights
  3 harpies (Shoals:1)
  A deep elf pyromancer (D:14)
  3 orc sorcerers
  14 ugly things
  3 fauns (Shoals:2)
  4 cyclopes
  7 manticores
  Maurice (Orc:1)
  A merfolk siren (Shoals:1)
  7 elephants
  A guardian serpent (Lair:2)
  3 black mambas
  10 cane toads
  4 torpor snails
  2 gargoyles
  6 rime drakes
  An unseen horror (D:12)
  A freezing wraith (D:15)
  11 komodo dragons
  A tengu conjurer (D:14)
  4 kobold demonologists
  3 trolls
  4 merfolk (Shoals:1)
  A troll (shapeshifter) (D:14)
  A polar bear (Lair:3)
  A wind drake (Shoals:1)
  Grinder (D:4)
  2 snapping turtles
  A hornet (D:11)
  8 dream sheep
  13 blink frogs
  3 slime creatures (D:14)
  2 shadows
  68 yaks
  A vampire (D:13)
  3 wraiths
  5 wyverns
  A wyvern (shapeshifter) (D:15)
  8 water elementals
  2 vampire mosquitoes (D:12)
  4 basilisks
  A steam dragon (D:8)
  Menkaure (D:5)
  A warg (shapeshifter) (D:14)
  5 wargs
  An acid dragon (D:8)
  11 water moccasins
  A swamp drake (D:11)
  2 sky beasts (D:7)
  A black bear (D:6)
  3 ice beasts
  33 orc warriors
  2 ogres
  35 wolves
  16 centaurs
  10 kobold brigands
  2 phantoms
  8 bullfrogs
  A necrophage (D:5)
  A gnoll sergeant (D:9)
  8 wights
  15 killer bees
  7 howler monkeys
  An electric eel (D:15)
  2 jellies
  7 hounds
  2 gnoll boudas
  14 orc priests
  5 iguanas
  28 orc wizards
  2 hell rats (Lair:1)
  12 gnolls
  10 adders
  8 river rats (Lair:1)
  A white imp (D:6)
  3 worms
  4 dart slugs
  88 orcs
  3 bats
  5 endoplasms
  2 giant cockroaches
  15 goblins
  10 hobgoblins
  4 quokkas
  6 ball pythons
  3 frilled lizards
  35 kobolds
  7 rats
727 creatures vanquished.

Vanquished Creatures (collateral kills)
  Josephine (Lair:3)
  Harold (D:11)
  2 skeletal warriors (D:15)
  3 ugly things (D:15)
  An orc sorcerer (Orc:2)
  2 cyclopes
  A manticore (D:15)
  A troll (Orc:2)
  2 wraiths (Lair:3)
  3 yaks
  A warg (D:11)
  9 orc warriors
  An orc priest (D:11)
  2 orc wizards (Orc:2)
  12 orcs
42 creatures vanquished.

Vanquished Creatures (others)
  An orc priest (Orc:1)
  A bush (Lair:3)
  28 fungi
  53 plants
83 creatures vanquished.

Grand Total: 852 creatures vanquished

Table legend:
 A = Non-vault XP
 B = Vault XP
 C = Vault XP percentage of total XP
 D = Non-vault monster count
 E = Vault monster count
 F = Vault count percentage of total count
                 A         B        C        D         E       F
            +---------+---------+-------+---------+---------+-------
      Total |  109815 |   46780 |  29.9 |     578 |     192 |  24.9
            +---------+---------+-------+---------+---------+-------
        D:1 |      43 |       0 |   0.0 |      24 |       0 |   0.0
        D:2 |      88 |       0 |   0.0 |      21 |       0 |   0.0
        D:3 |     104 |       0 |   0.0 |      18 |       0 |   0.0
        D:4 |     383 |     277 |  42.0 |      17 |       1 |   5.6
        D:5 |     566 |     277 |  32.9 |      15 |       2 |  11.8
        D:6 |     811 |       5 |   0.6 |      25 |       2 |   7.4
        D:7 |    1306 |       0 |   0.0 |      28 |       0 |   0.0
        D:8 |    1392 |       0 |   0.0 |      27 |       0 |   0.0
        D:9 |    3236 |    4949 |  60.5 |      45 |      19 |  29.7
       D:10 |    2963 |       0 |   0.0 |      36 |       0 |   0.0
       D:11 |    4189 |    5364 |  56.1 |      24 |      27 |  52.9
       D:12 |    2251 |       0 |   0.0 |       8 |       0 |   0.0
       D:13 |    9611 |     790 |   7.6 |      17 |       1 |   5.6
       D:14 |    9081 |    2675 |  22.8 |      19 |       9 |  32.1
       D:15 |   12936 |    1252 |   8.8 |      31 |       1 |   3.1
     Lair:1 |    3360 |     173 |   4.9 |      13 |      10 |  43.5
     Lair:2 |    6766 |    1014 |  13.0 |      24 |       4 |  14.3
     Lair:3 |    3492 |    3980 |  53.3 |      13 |      12 |  48.0
     Lair:4 |   14766 |     196 |   1.3 |      41 |       1 |   2.4
     Lair:5 |   11785 |   13935 |  54.2 |      37 |      44 |  54.3
   Shoals:1 |    7499 |       0 |   0.0 |      18 |       0 |   0.0
   Shoals:2 |    6208 |       0 |   0.0 |      11 |       0 |   0.0
      Orc:1 |    2167 |    2145 |  49.7 |      24 |       3 |  11.1
      Orc:2 |    4812 |    8616 |  64.2 |      42 |      26 |  38.2
     Bailey |       0 |    1132 | 100.0 |       0 |      30 | 100.0
            +---------+---------+-------+---------+---------+-------

Illustrated notes

Table legend:
 A = Kills in this place as a percentage of kills in entire the game.
 B = Kills by you in this place as a percentage of kills by you in the entire game.
 C = Kills by friends in this place as a percentage of kills by friends in the entire game.
 D = Other kills in this place as a percentage of other kills in the entire game.
 E = Experience gained in this place as a percentage of experience gained in the entire game.
 F = Experience gained in this place divided by the number of levels of this place that you have seen.
                   A       B       C       D       E      F
               +-------+-------+-------+-------+-------+----------------------
         Total | 100.0 | 100.0 | 100.0 | 100.0 | 100.0 | 6263.8
       Dungeon |  54.2 |  54.9 |  42.9 |   0.0 |  41.2 | 4303.3
          Lair |  25.8 |  26.7 |  11.9 |   0.0 |  38.0 | 11893.4
        Shoals |   3.8 |   4.0 |   0.0 |   0.0 |   8.8 | 6853.5
  Orcish Mines |  12.3 |  10.9 |  35.7 | 100.0 |  11.3 | 8870.0
        Bailey |   3.9 |   3.6 |   9.5 |   0.0 |   0.7 | 1132.0
               +-------+-------+-------+-------+-------+----------------------

Table legend: (Time is in decaauts)
 A = Elapsed time spent in this place.
 B = Non-inter-level travel time spent in this place.
 C = Inter-level travel time spent in this place.
 D = Time resting spent in this place.
 E = Time spent auto-exploring this place.
 F = Levels seen in this place.
 G = Mean time per level.
                   A        B        C        D        E       F      G
               +--------+--------+--------+--------+--------+-----+--------+
         Total |  30821 |  29688 |   1133 |   2825 |  22948 |  25 | 1232.8 |
       Dungeon |  20354 |  19516 |    838 |   2129 |  14937 |  15 | 1356.9 |
          Lair |   6864 |   6660 |    204 |    480 |   5271 |   5 | 1372.8 |
        Shoals |   1047 |   1019 |     28 |     30 |    831 |   2 |  523.5 |
  Orcish Mines |   2000 |   1938 |     62 |    186 |   1431 |   2 | 1000.0 |
        Bailey |    554 |    554 |      0 |      0 |    477 |   1 |  554.0 |
               +--------+--------+--------+--------+--------+-----+--------+

Top non-repeatable levels by time:
     D:9: 2619 daAuts
  Lair:5: 2301 daAuts
    D:14: 1994 daAuts
    D:11: 1631 daAuts
    D:15: 1557 daAuts
  Lair:4: 1415 daAuts
    D:13: 1318 daAuts
     D:1: 1315 daAuts
     D:8: 1301 daAuts
     D:6: 1259 daAuts
    D:12: 1208 daAuts
   Orc:2: 1200 daAuts
  Lair:1: 1170 daAuts
     D:4: 1170 daAuts
     D:7: 1124 daAuts
